 Dungeon Crawl Stone Soup version 0.25-a0-56-g68f8618 (webtiles) character file.

Game seed: 13256845156339479056, levelgen mode: deterministic

100 BoppinsLewinski the Poker (level 4, -10/38 HPs)
             Began as a Minotaur Gladiator on Oct 25, 2019.
             Blown up by Ijyb (25 damage)
             ... with a disintegration bolt
             ... on level 3 of the Dungeon.
             The game lasted 00:02:40 (1543 turns).

BoppinsLewinski the Poker (Minotaur Gladiator)      Turns: 1543, Time: 00:02:40

Health: -10/38     AC:  6    Str: 18    XL:     4   Next: 47%
Magic:  3/3        EV: 11    Int:  5    God:
Gold:   61         SH:  0    Dex: 13    Spells: 3/3 levels left

rFire    . . .     SeeInvis .   a - +0 trident
rCold    . . .     Gourm    .   (no shield)
rNeg     . . .     Faith    .   h - +0 scale mail
rPois    .         Spirit   .   c - +0 hat
rElec    .         Reflect  .   (no cloak)
rCorr    .         Harm     .   (no gloves)
MR       .....                  (no boots)
Stlth    ..........             (no amulet)
HPRegen  0.12/turn              (no ring)
MPRegen  0.08/turn              (no ring)

@: no status effects
A: retaliatory headbutt, horns 2
a: no special abilities


You were on level 3 of the Dungeon.
You were not hungry.

You visited 1 branch of the dungeon, and saw 3 of its levels.

You collected 61 gold pieces.

Inventory:

Hand Weapons
 a - a +0 trident (weapon)
Armour
 c - a +0 hat (worn)
 h - a +0 scale mail (worn)
Scrolls
 b - a scroll of amnesia {unknown}
 e - 3 scrolls of identify {unknown}
 g - 2 scrolls of teleportation {unknown}
Comestibles
 f - 7 rations
 i - a chunk of flesh


   Skills:
 + Level 3.3 Fighting
 * Level 4.9 Polearms
 - Level 2.0 Throwing
 + Level 2.0 Armour
 + Level 3.9 Dodging


You had 3 spell levels left.
You didn't know any spells.
Your spell library was empty.

Dungeon Overview and Level Annotations

Branches:
Dungeon (3/15)

Altars:
Trog

Annotations:
D:3 Ijyb


Innate Abilities, Weirdness & Mutations

You reflexively headbutt those who attack you in melee.
You have a pair of horns on your head.


Message History

Attack whom?
Press: ? - help, Dir - move target cursor, f/p - Ijyb
Aim: Ijyb, wieldin' a +0 club, wearin' a +0 scale mail an' carryin' a wand o' disintegration (5) (moderately wounded, entangled in a net) Ye reach ta attack!
Ye puncture Ijyb!
Ijyb be severely wounded.
Ijyb struggles against tha net.
Attack whom?
Press: ? - help, Dir - move target cursor, f/p - Ijyb
Aim: Ijyb, wieldin' a +0 club, wearin' a +0 scale mail an' carryin' a wand o' disintegration (5) (severely wounded, entangled in a net) Ye reach ta attack!
Ye hit Ijyb but do nay damage.
Ijyb be severely wounded.
Ijyb struggles against tha net.
Tha net rips apart, an' Ijyb comes free!
Throwin' (i - inventory)
d - a throwin' net (quiv'red)
Press: ? - help, Shift-Dir - straight line, f/p - Ijyb
Aim: Ijyb, wieldin' a +0 club, wearin' a +0 scale mail an' carryin' a wand o' disintegration (5) (severely wounded) Ye throw a throwin' net.
Tha throwin' net barely misses Ijyb.
Ijyb zaps a wand.
Ye be blasted!
Ouch! Tha re'lly hurt!
Ye die...

### #.. #.# #.#
########## #######.#####
.#........ ...g........#
.†.######## #.#
..........########g#
................@..#
...###.##.##.####..###>#
#..###.##.#......>.......
........†...#..#...###.#.
...###.##.#...##.......
...# #.##.##..<.....###
... #.##.#######.#.#
..##.# #.#.# ..##.# ..#.#


You could see Ijyb.

Vanquished Creatures
  A bullfrog skeleton (D:2)
  An adder (D:2)
  3 dart slugs (D:2)
  A leopard gecko (D:2)
  3 ball pythons
  8 bats
  2 giant cockroaches
  6 goblins
  6 hobgoblins
  3 jackals (D:3)
  3 quokkas (D:2)
  2 frilled lizards
  7 kobolds
  8 rats
54 creatures vanquished.

Notes
Turn   | Place    | Note
-------+----------+-------------------------------------------
     0 | D:1      | BoppinsLewinski the Minotaur Gladiator began the quest for
                  | the Orb.
     0 | D:1      | Reached XP level 1. HP: 18/18 MP: 0/0
   105 | D:1      | Reached XP level 2. HP: 25/25 MP: 1/1
   139 | D:1      | Reached skill level 4 in Polearms
   312 | D:1      | Reached skill level 1 in Armour
   674 | D:2      | Reached XP level 3. HP: 20/30 MP: 2/2
   943 | D:2      | Found a bloodstained altar of Trog.
  1058 | D:2      | Reached XP level 4. HP: 34/38 MP: 3/3
  1531 | D:3      | Noticed Ijyb
  1543 | D:3      | Blown up by Ijyb

Levels and vault maps discovered:
D:1:      minmay_arrival_open_corners, layout_loops_ring
D:2:      layout_loops_ring, overflow_temple_1_default, first_ration,
          wad_woods_river_04
D:3:      layout_loops_ring, hex_tiny, led_sif_book, uniq_ijyb, uniq_jessica

Table legend:
 A = Non-vault XP
 B = Vault XP
 C = Vault XP percentage of total XP
 D = Non-vault monster count
 E = Vault monster count
 F = Vault count percentage of total count
                 A         B        C        D         E       F
            +---------+---------+-------+---------+---------+-------
      Total |     144 |       0 |   0.0 |      54 |       0 |   0.0
            +---------+---------+-------+---------+---------+-------
        D:1 |      28 |       0 |   0.0 |      20 |       0 |   0.0
        D:2 |     102 |       0 |   0.0 |      25 |       0 |   0.0
        D:3 |      14 |       0 |   0.0 |       9 |       0 |   0.0
            +---------+---------+-------+---------+---------+-------
